Workbook

Sheet ЛСР
K2: Приложение №
K3: к Договору подряда №
B4: ПОДРЯДЧИК: | D4: ЗАКАЗЧИК: | I4: ТЕХНИЧЕСКИЙ ЗАКАЗЧИК:
B8: _________________/
A11: Локальный сметный расчет №12
A12: Устройство системы контроля и управления доступом (СКУД) ГП-75
A15: № | B15: Наименование | C15: Марка | D15: Характеристика | E15: Ед. изм. | F15: 75.9 | G15: Кол-во | H15: Цена | I15: Сумма | J15: Примечание | K15: Форма закупа материала
A16: 11 | B16: Внутренние инженерные сети
A17: 11.14. | B17: Монтаж СКУД
A18: 11.14.01 | B18: Прокладка КПП
A19: 11.14.01.00. | B19: Прокладка КПП | I19: =I20+I23 -> 0
B20: Работа: | I20: =SUM(I21:I22) -> 0
B21: Прокладка КПП | E21: м | F21: =F24+F25+F26+F27 -> 1060 | G21: =G24+G25+G26+G27 -> 1060 | H21: =Работы!H21 -> 0 | I21: =H21*G21 -> 0
B22: Прокладка трубы | E22: м | F22: =F28+F29 -> 601.8 | G22: =G28+G29 -> 601.8 | H22: =Работы!H22 -> 0 | I22: =H22*G22 -> 0
B23: Материалы: | I23: =SUM(I24:I32) -> 0
B24: Кабель тип 1 | D24: Кабель витая пара U/UTP U/U-5e-BC04-048-PVC-GR-305-RQcat. 5E 4х2х0.48 мм, для внутренней прокладки, одножильный, PVC. | E24: м. | F24: 340 | G24: 340 | H24: =Материалы!H20 -> 0 | I24: =H24*G24 -> 0 | K24: Закуп подрядчика
B25: Кабель тип 3 | D25: Кабель оптический ОКСЛНГ(А)-HF-М2П-А4-2.7 негорючий, для прокладки в канализацию, 4 одномод. волокона G.652.D/G.657.A. | E25: м. | F25: 320 | G25: 320 | H25: =Материалы!H21 -> 0 | I25: =H25*G25 -> 0 | J25: для подключения к ГП-75 | K25: Закуп подрядчика
B26: Кабель тип 4 | D26: Кабель силовой ВВГнг(А)-LS 3х1.5 сечение жилы 1.5 мм², количество жил: 3 шт., номинальное напряжение: 660В. | E26: м. | F26: 180 | G26: 180 | H26: =Материалы!H22 -> 0 | I26: =H26*G26 -> 0 | J26: Для подключения 220В: ШК; ЩМП 1 и 2 и тюм. коммутаторов | K26: Закуп подрядчика
B27: Кабель тип 5 | D27: Кабель монтажный МКШнг(А)-LS 2х0.75 2х жильный, не распротраняющий горение при прокладке в пучке, с нормиованным дымовыделением, конструкция жилы многопроволочная, напряжение 500В. | E27: м. | F27: 220 | G27: 220 | H27: =Материалы!H23 -> 0 | I27: =H27*G27 -> 0 | J27: Питание эл. маг. замков, индукционных петель и контроллеров СКУД | K27: Закуп подрядчика
B28: Труба тип 1 | D28: Труба гофрированная ПВХ CTG20-20-K41-100I д.20мм с протяжкой | E28: м. | F28: 600 | G28: 600 | H28: =Материалы!H24 -> 0 | I28: =H28*G28 -> 0 | K28: Закуп подрядчика
B29: Труба тип 2 | D29: Труба гофрированная ПП (артикул 15-0505) д.4,6мм., разрезная, бухтa 5 м/уп. | E29: м. | F29: 1.8 | G29: 1.8 | H29: =Материалы!H25 -> 0 | I29: =H29*G29 -> 0 | K29: Закуп подрядчика
B30: Кабель-канал | D30: Кабель-канал (артикул 76002-2) самозатухающий ПВХ с крышкой, белый, 100х55х2000мм | E30: м. | F30: 4 | G30: 4 | H30: =Материалы!H26 -> 0 | I30: =H30*G30 -> 0 | J30: в ЩМП 1 и 2 | K30: Закуп подрядчика
B31: Кабель-канал | D31: Кабель-канал перфорированный 40х40 ИМПАКТ серый (CKM50-040-040-1-K03) | E31: м. | F31: 4 | G31: 4 | H31: =Материалы!H27 -> 0 | I31: =H31*G31 -> 0 | J31: В ЩМП 1, 2 и 3 | K31: Закуп подрядчика
B32: Прочие материалы | I32: =SUM(I33:I39) -> 0 | K32: Закуп подрядчика
B33: Дюбель с шурупом 8х50 (артикул 102310) диаметр отверстия под дюбель 8мм. | E33: шт. | F33: 4 | G33: 4 | H33: =Материалы!H29 -> 0 | I33: =H33*G33 -> 0
B34: Дюбель хомут 5х10 дхч510 для крепления кабеля цвет-чёрный | E34: пч. | F34: 1 | G34: 1 | H34: =Материалы!H30 -> 0 | I34: =H34*G34 -> 0
B35: Крепеж-клипса PR13.0120 для труб д.20мм., для монтажного пистолета, серая | E35: шт. | F35: 1200 | G35: 1200 | H35: =Материалы!H31 -> 0 | I35: =H35*G35 -> 0
B36: Усиленный дюбель-гвоздь 30519stepEGBP по бетону, металлу, кирпичу тип CN 15; диаметр 3.05 мм, длина 19 мм; усиленный, гальванизированный. Упаковка 1000 шт. | E36: шт. | F36: 1200 | G36: 1200 | H36: =Материалы!H32 -> 0 | I36: =H36*G36 -> 0
B37: Крепежный комплект ITK-HP-15 винт, шайба, гайка.(1 комплект) | E37: шт. | F37: 24 | G37: 24 | H37: =Материалы!H33 -> 0 | I37: =H37*G37 -> 0
B38: Заклепка резьбовая CN10 шестигранная с плоским бортом М6 L15,0 | E38: шт. | F38: 12 | G38: 12 | H38: =Материалы!H34 -> 0 | I38: =H38*G38 -> 0
B39: Нейлоновая хомут-стяжка 3,6х200 черный, 100 шт G/1/4 | E39: пч. | F39: 2 | G39: 2 | H39: =Материалы!H35 -> 0 | I39: =H39*G39 -> 0
A40: 11.14.02 | B40: Установка оборудования
A41: 11.14.02.00. | B41: Установка оборудования | I41: =I42+I44 -> 0
B42: Работа: | I42: =SUM(I43:I43) -> 0
B43: Монтажные работы | E43: комплекс | F43: 1 | G43: =F43 -> 1 | H43: =Работы!H26 -> 0 | I43: =H43*G43 -> 0
B44: Материалы: | I44: =SUM(I45:I69) -> 0
B45: Вызывная видеопанель | D45: Одноабонентская вызывная видеопанель Akuvox E12S | E45: шт. | F45: 4 | G45: 4 | H45: =Материалы!H38 -> 0 | I45: =G45*H45 -> 0 | J45: СКУД вх. в паркинг/ком. охраны | K45: Закуп подрядчика
B46: Терминал контроля доступа тип 1 | D46: IP Терминал СКУД Akuvox A01S доступ по: NFC, RFID карта, мобильное приложение Smart Plus. | E46: шт. | F46: 4 | G46: 4 | H46: =Материалы!H39 -> 0 | I46: =G46*H46 -> 0 | J46: СКУД вх. в паркинг с улицы, пдкл в ЩК | K46: Закуп подрядчика
B47: Подрозетник | D47: Квадратный подрозетник A01-86 для кирпича и бетона/для сплошных стен, размер 86x84x50мм. | E47: шт. | F47: 4 | G47: 4 | H47: =Материалы!H40 -> 0 | I47: =G47*H47 -> 0 | K47: Закуп подрядчика
B48: Электромагнитный замок | D48: Электромагнитный замок М2-400 серый 400кг удержания, 12 В/0,4 А, 190х55х35мм, уголок в комплекте, цвет серый, отсек для контроллера Z-5R | E48: шт. | F48: 6 | G48: 6 | H48: =Материалы!H41 -> 0 | I48: =G48*H48 -> 0 | K48: Закуп подрядчика
B49: Кнопка выхода | D49: Кнопка выхода накладная DR-03 сенсорная, пластиковая, 12В, контакты Н.О./ Н.З., -40 - +50℃, IP44, 86х50х20мм. | E49: шт. | F49: 6 | G49: 6 | H49: =Материалы!H42 -> 0 | I49: =G49*H49 -> 0 | K49: Закуп подрядчика
B50: Контроллер индукционной петли 2-х двухпетлевой SMA2 для обнаружения транспортных средств | E50: шт. | F50: 2 | G50: 2 | H50: =Материалы!H43 -> 0 | I50: =G50*H50 -> 0 | J50: 1 на 1 этаж, 2й на второй, этаж на выезд. | K50: Закуп подрядчика
B51: Блок питания | D51: Блок питания AC-DC HDR-15-24 24В/0,63А (Регулировка выходного напряжения: 21.6 ~ 29V), на DIN-рейку, режим работы при -30...+70°С, | E51: шт. | F51: 2 | G51: 2 | H51: =Материалы!H44 -> 0 | I51: =G51*H51 -> 0 | J51: В ЩМП СКУД помещение охраны | K51: Закуп подрядчика
B52: Телефонный провод | D52: Телефонный провод П-274М материал медь/сталь, оболочка-полиэтилен. | E52: м. | F52: 80 | G52: 80 | H52: =Материалы!H45 -> 0 | I52: =G52*H52 -> 0 | J52: Для индукционных петель | K52: Закуп подрядчика
B53: Шкаф | D53: Настенный шкаф 19" LWR3-15U66-MF LINEA W 15U 600х600мм дверь металл серый, тип боковой стенки съемная с замком. | E53: шт. | F53: 1 | G53: 1 | H53: =Материалы!H46 -> 0 | I53: =G53*H53 -> 0 | J53: в помещении охраны | K53: Закуп подрядчика
B54: Сетевой PoE коммутатор | D54: Коммутатор управляемый L3 с PoE OS3228P 24x1000Base-T PoE+, 4x10G SFP+, PoE-бюджет 370 Вт, PoE до 250 м | E54: шт. | F54: 1 | G54: 1 | H54: =Материалы!H47 -> 0 | I54: =G54*H54 -> 0 | K54: Закуп подрядчика
B55: Сетевой PoE коммутатор | D55: Коммутатор управляемый L2 PoE OS2218FP/200W 16 PoE 250Вт (802.3af/at) + 2 порта 1000Base-X SFP | E55: шт. | F55: 2 | G55: 2 | H55: =Материалы!H48 -> 0 | I55: =G55*H55 -> 0 | J55: в 1 щмп и 2 | K55: Закуп подрядчика
B56: Источник бесперебойного питания | D56: Источник бесперебойного питания RTO-1.5K-LCD Line-Interactive, 2U, LCD-дисплей; 1.5кВА/0.9кВт | E56: шт. | F56: 1 | G56: 1 | H56: =Материалы!H49 -> 0 | I56: =G56*H56 -> 0 | K56: Закуп подрядчика
B57: Оптический кросс 19" SNR-ODF-24R-8SC-P 1U, укомплектованный на 8 портов SC/UPC. | D57: Оптический кросс 19" SNR-ODF-24R-8SC-P 1U, укомплектованный на 8 портов SC/UPC. | E57: шт. | F57: 1 | G57: 1 | H57: =Материалы!H50 -> 0 | I57: =G57*H57 -> 0 | K57: Закуп подрядчика
B58: Розетка 3-м ОП BLANCA 16А 250В Systeme Electric (Schneider Electric) BLNRA010311 | D58: Розетка 3-м ОП BLANCA 16А 250В Systeme Electric (Schneider Electric) BLNRA010311 | E58: шт. | F58: 1 | G58: 1 | H58: =Материалы!H51 -> 0 | I58: =G58*H58 -> 0 | K58: Закуп подрядчика
B59: Оптический модуль | D59: Одноволоконный оптический модуль 10GB OFM436XT-BXD WDM трансивер SFP+ 10GBase-BX-D, Tx:1330 нм, Rx:1270 нм, одномод, до 20 км | E59: шт. | F59: 1 | G59: 1 | H59: =Материалы!H52 -> 0 | I59: =G59*H59 -> 0 | K59: Закуп подрядчика
B60: Оптический модуль | D60: Одноволоконный оптический модуль 10GB OFM436XT-BXU WDM трансивер SFP+ 10GBase-BX-U, Tx:1270 нм, Rx:1330 нм, одномод, до 20 км | E60: шт. | F60: 1 | G60: 1 | H60: =Материалы!H53 -> 0 | I60: =G60*H60 -> 0 | K60: Закуп подрядчика
B61: Щит тип 1 | D61: Щит распределительный навесной с монтажной панелью ЭПМ ЩРНМ-3 650x500x220, IP54 ФР-00025111 | E61: шт. | F61: 2 | G61: 2 | H61: =Материалы!H54 -> 0 | I61: =G61*H61 -> 0 | J61: Для СКУД и СОТ (ШМП 1 и 2) | K61: Закуп подрядчика
B62: Щит тип 2 | D62: Щит с монтажной панелью ЩМП MB22-04 300х400х155мм. IP31 | E62: шт. | F62: 1 | G62: 1 | H62: =Материалы!H55 -> 0 | I62: =G62*H62 -> 0 | J62: в пом. Охраны | K62: Закуп подрядчика
B63: Источник питания резервированный | D63: Резервированный источник питания UPS 45W/DIN. FARADAY (12В) крепление на DIN рейку; U-вх.100…240 В, U-вых.13.5 В/12.6 В | E63: шт. | F63: 6 | G63: 6 | H63: =Материалы!H56 -> 0 | I63: =G63*H63 -> 0 | K63: Закуп подрядчика
B64: Аккумулятор | D64: Аккумулятор Delta DT 1245 12V-4,5Аh | E64: шт. | F64: 5 | G64: 5 | H64: =Материалы!H57 -> 0 | I64: =G64*H64 -> 0 | K64: Закуп подрядчика
B65: Аккумулятор | D65: Аккумулятор Delta DT 1207 12V-7Аh | E65: шт. | F65: 1 | G65: 1 | H65: =Материалы!H58 -> 0 | I65: =G65*H65 -> 0 | J65: в пом. Охраны, щмп | K65: Закуп подрядчика
B66: Розетка с заземлением MRD10-16 на DIN-рейку | E66: шт. | F66: 2 | G66: 2 | H66: =Материалы!H59 -> 0 | I66: =G66*H66 -> 0 | J66: в 1 щмп и 2 | K66: Закуп подрядчика
B67: Реле HHC68A-2Z-12D Реле 2 пер. 12VDC / 10A, 240VAC (2 переключения) | E67: шт. | F67: 3 | G67: 3 | H67: =Материалы!H60 -> 0 | I67: =G67*H67 -> 0 | J67: В ЩМП 1 и 2, пом. Охраны | K67: Закуп подрядчика
B68: Колодка реле PTF08Aна DIN-рейку (2 переключения) | E68: шт. | F68: 3 | G68: 3 | H68: =Материалы!H61 -> 0 | I68: =G68*H68 -> 0 | J68: В ЩМП 1 и 2, пом. Охраны | K68: Закуп подрядчика
B69: Прочие материалы | H69: =Материалы!H62 -> 0 | I69: =SUM(I70:I82) -> 0 | K69: Закуп подрядчика
B70: Din-рейка (артикул 12-8030) 30см, перфорированная, оцинкованная | E70: шт. | F70: 3 | G70: 3 | H70: =Материалы!H63 -> 0 | I70: =G70*H70 -> 0
B71: Автоматический выключатель ВА9-11/2 модуля (ширина 9мм.) 1P, (B) 6А, 4,5кА. | E71: шт. | F71: 8 | G71: 8 | H71: =Материалы!H64 -> 0 | I71: =G71*H71 -> 0 | J71: в т.ч. ЩМП СКУД помещение охраны
B72: Коробка с гладкими стенками (артикул 54010)150х110х70мм IP56 | E72: шт. | F72: 2 | G72: 2 | H72: =Материалы!H65 -> 0 | I72: =G72*H72 -> 0 | J72: Для SMA2
B73: Органайзер 19" CO05-1UPC пластиковый с пальцами и крышкой 19" 1U черный | E73: шт. | F73: 3 | G73: 3 | H73: =Материалы!H66 -> 0 | I73: =G73*H73 -> 0
B74: Плоский разъем (артикул 49620) РППИ-М 1,5-6,3 | E74: шт. | F74: 12 | G74: 12 | H74: =Материалы!H67 -> 0 | I74: =G74*H74 -> 0 | J74: для подкл. Аккум-в
B75: Болт М6х25 (артикул 3100548) оцинкованный с внутренним шестигранником, класс прочности 8.8, DIN 912 | E75: шт. | F75: 12 | G75: 12 | H75: =Материалы!H68 -> 0 | I75: =G75*H75 -> 0
B76: Шнур волоконно-оптический NMF-PC1S2C2-SCU-LCU-001 одномодовый 9/125мкм, стандарта OS2, SC/UPC-LC/UPC, одинарный, LSZH нг(A)-HFLTx, 2мм, желтый, 1м. | E76: шт. | F76: 2 | G76: 2 | H76: =Материалы!H69 -> 0 | I76: =G76*H76 -> 0
B77: Коробка распределительная (артикул 60-0210) для прямого монтажа двухкомпонентная безгалогенная (HF) 80х80х40 УХЛ1 | E77: шт. | F77: 16 | G77: 16 | H77: =Материалы!H70 -> 0 | I77: =G77*H77 -> 0 | J77: для ВВГнг 220В
B78: Клемма соединительная DIY YOU PCT-2133 контакта, сечение провода 0.75-2.5 мм² | E78: шт. | F78: 48 | G78: 48 | H78: =Материалы!H71 -> 0 | I78: =G78*H78 -> 0
B79: Коннектор EC-UP8P8C-5E-003-TR-1000 RJ45/8P8C, категория 5e | E79: шт. | F79: 30 | G79: 30 | H79: =Материалы!H72 -> 0 | I79: =G79*H79 -> 0
B80: Кабельный ввод (артикул 7392c) PG-11 (под кабель D5-10мм), IP68 | E80: шт. | F80: 6 | G80: 6 | H80: =Материалы!H73 -> 0 | I80: =G80*H80 -> 0
B81: Наконечник (артикул 79436) НШВИ 0,75-8 | E81: шт. | F81: 64 | G81: 64 | H81: =Материалы!H74 -> 0 | I81: =G81*H81 -> 0
B82: Наконечник (артикул 79462) НШВИ2 0,75-8 | E82: шт. | F82: 48 | G82: 48 | H82: =Материалы!H75 -> 0 | I82: =G82*H82 -> 0
A83: 11.14.03 | B83: ПНР
A84: 11.14.03.00 | B84: ПНР | I84: =I85+I87 -> 0
B85: Работа: | I85: =SUM(I86:I86) -> 0
B86: Пусконаладочные работы | E86: комплекс | F86: 1 | G86: =F86 -> 1 | H86: =Работы!H30 -> 0 | I86: =H86*G86 -> 0
B87: Материалы: | I87: =SUM(I88:I88) -> 0
B88: - | I88: =H88*G88 -> 0
B89: Итого по ЛСР: | I89: =I84+I41+I19 -> 0
B90: в тч стоимость работ: | I90: =I85+I42+I20 -> 0
B91: в тч стоимость материалов: | I91: =I87+I44+I23 -> 0
B92: НДС:
B94: Примечание:
A95: - | B95: В случае, если один из перечисленных прочих материалов не был использован по факту при производстве работ, заказчик вправе откорректировать процент расходных материалов в актах выполненных работ (формы КС-2, КС-3), уменьшив на сумму исключенного материала.
A96: - | B96: Стоимость СМР учитывает - затраты на все второстепенные материалы и работы необходимые для осуществления полного комплекса работ, включая затраты: обеспечение технической водой для производства работ и бытовых целей; на мобилизацию, аренду и эксплуатацию всех необходимых механизмов, оборудования и инструментов, бытовых помещений и биотуалетов; на подъем материалов и разноску по этажам к местам производства работ; выполнение сопутствующих работ; вывоз мусора; накладные расходы, прибыль организации, налоги и иные издержки Подрядчика. Обеспечение безопасного производства работ на участке.
A97: - | B97: Стоимость материалов учитывает стоимость доставки.
A98: - | B98: В случае изменения системы налогообложения, риски увеличения стоимости договора относятся на сторону, чья система налогообложения изменяется.

Sheet Работы
K2: Приложение №
K3: к Договору подряда №
B4: ПОДРЯДЧИК: | D4: ЗАКАЗЧИК: | I4: ТЕХНИЧЕСКИЙ ЗАКАЗЧИК:
B8: _________________/
A11: Ведомость работ
A12: Устройство системы контроля и управления доступом (СКУД) ГП-75
A15: № | B15: Наименование | C15: Марка | D15: Характеристика | E15: Ед. изм. | F15: 75.9 | G15: Кол-во | H15: Цена | I15: Сумма | J15: Примечание | K15: Форма закупа материала
A16: 11 | B16: Внутренние инженерные сети
A17: 11.14. | B17: Монтаж СКУД
A18: 11.14.01 | B18: Прокладка КПП
A19: 11.14.01.00. | B19: Прокладка КПП
B20: Работа:
B21: Прокладка КПП | E21: м | F21: 1060 | G21: 1060 | I21: =H21*G21 -> 0
B22: Прокладка трубы | E22: м | F22: 601.8 | G22: 601.8 | I22: =H22*G22 -> 0
A23: 11.14.02 | B23: Установка оборудования
A24: 11.14.02.00. | B24: Установка оборудования
B25: Работа:
B26: Монтажные работы | E26: комплекс | F26: 1 | G26: =F26 -> 1 | I26: =H26*G26 -> 0
A27: 11.14.03 | B27: ПНР
A28: 11.14.03.00 | B28: ПНР
B29: Работа:
B30: Пусконаладочные работы | E30: комплекс | F30: 1 | G30: =F30 -> 1 | I30: =H30*G30 -> 0
B31: Итого по стоимость работ: | I31: =SUM(I21:I30) -> 0
B33: Примечание:
A34: - | B34: В случае, если один из перечисленных прочих материалов не был использован по факту при производстве работ, заказчик вправе откорректировать процент расходных материалов в актах выполненных работ (формы КС-2, КС-3), уменьшив на сумму исключенного материала.
A35: - | B35: Стоимость СМР учитывает - затраты на все второстепенные материалы и работы необходимые для осуществления полного комплекса работ, включая затраты: обеспечение технической водой для производства работ и бытовых целей; на мобилизацию, аренду и эксплуатацию всех необходимых механизмов, оборудования и инструментов, бытовых помещений и биотуалетов; на подъем материалов и разноску по этажам к местам производства работ; выполнение сопутствующих работ; вывоз мусора; накладные расходы, прибыль организации, налоги и иные издержки Подрядчика. Обеспечение безопасного производства работ на участке.
A36: - | B36: Стоимость материалов учитывает стоимость доставки.
A37: - | B37: В случае изменения системы налогообложения, риски увеличения стоимости договора относятся на сторону, чья система налогообложения изменяется.

Sheet Материалы
K2: Приложение №
K3: к Договору подряда №
B4: ПОДРЯДЧИК: | D4: ЗАКАЗЧИК: | I4: ТЕХНИЧЕСКИЙ ЗАКАЗЧИК:
B8: _________________/
A11: Ведомость материалов
A12: Устройство системы контроля и управления доступом (СКУД) ГП-75
A15: № | B15: Наименование | C15: Марка | D15: Характеристика | E15: Ед. изм. | F15: 75.9 | G15: Кол-во | H15: Цена | I15: Сумма | J15: Примечание | K15: Форма закупа материала
A16: 11 | B16: Внутренние инженерные сети
A17: 11.14. | B17: Монтаж СКУД
A18: 11.14.01 | B18: Прокладка КПП
A19: 11.14.01.00. | B19: Прокладка КПП
B20: Кабель тип 1 | D20: Кабель витая пара U/UTP U/U-5e-BC04-048-PVC-GR-305-RQcat. 5E 4х2х0.48 мм, для внутренней прокладки, одножильный, PVC. | E20: м. | F20: 340 | G20: 340 | I20: =H20*G20 -> 0 | K20: Закуп подрядчика
B21: Кабель тип 3 | D21: Кабель оптический ОКСЛНГ(А)-HF-М2П-А4-2.7 негорючий, для прокладки в канализацию, 4 одномод. волокона G.652.D/G.657.A. | E21: м. | F21: 320 | G21: 320 | I21: =H21*G21 -> 0 | J21: для подключения к ГП-75 | K21: Закуп подрядчика
B22: Кабель тип 4 | D22: Кабель силовой ВВГнг(А)-LS 3х1.5 сечение жилы 1.5 мм², количество жил: 3 шт., номинальное напряжение: 660В. | E22: м. | F22: 180 | G22: 180 | I22: =H22*G22 -> 0 | J22: Для подключения 220В: ШК; ЩМП 1 и 2 и тюм. коммутаторов | K22: Закуп подрядчика
B23: Кабель тип 5 | D23: Кабель монтажный МКШнг(А)-LS 2х0.75 2х жильный, не распротраняющий горение при прокладке в пучке, с нормиованным дымовыделением, конструкция жилы многопроволочная, напряжение 500В. | E23: м. | F23: 220 | G23: 220 | I23: =H23*G23 -> 0 | J23: Питание эл. маг. замков, индукционных петель и контроллеров СКУД | K23: Закуп подрядчика
B24: Труба тип 1 | D24: Труба гофрированная ПВХ CTG20-20-K41-100I д.20мм с протяжкой | E24: м. | F24: 600 | G24: 600 | I24: =H24*G24 -> 0 | K24: Закуп подрядчика
B25: Труба тип 2 | D25: Труба гофрированная ПП (артикул 15-0505) д.4,6мм., разрезная, бухтa 5 м/уп. | E25: м. | F25: 1.8 | G25: 1.8 | I25: =H25*G25 -> 0 | K25: Закуп подрядчика
B26: Кабель-канал | D26: Кабель-канал (артикул 76002-2) самозатухающий ПВХ с крышкой, белый, 100х55х2000мм | E26: м. | F26: 4 | G26: 4 | I26: =H26*G26 -> 0 | J26: в ЩМП 1 и 2 | K26: Закуп подрядчика
B27: Кабель-канал | D27: Кабель-канал перфорированный 40х40 ИМПАКТ серый (CKM50-040-040-1-K03) | E27: м. | F27: 4 | G27: 4 | I27: =H27*G27 -> 0 | J27: В ЩМП 1, 2 и 3 | K27: Закуп подрядчика
B28: Прочие материалы | K28: Закуп подрядчика
B29: Дюбель с шурупом 8х50 (артикул 102310) диаметр отверстия под дюбель 8мм. | E29: шт. | F29: 4 | G29: 4 | I29: =H29*G29 -> 0
B30: Дюбель хомут 5х10 дхч510 для крепления кабеля цвет-чёрный | E30: пч. | F30: 1 | G30: 1 | I30: =H30*G30 -> 0
B31: Крепеж-клипса PR13.0120 для труб д.20мм., для монтажного пистолета, серая | E31: шт. | F31: 1200 | G31: 1200 | I31: =H31*G31 -> 0
B32: Усиленный дюбель-гвоздь 30519stepEGBP по бетону, металлу, кирпичу тип CN 15; диаметр 3.05 мм, длина 19 мм; усиленный, гальванизированный. Упаковка 1000 шт. | E32: шт. | F32: 1200 | G32: 1200 | I32: =H32*G32 -> 0
B33: Крепежный комплект ITK-HP-15 винт, шайба, гайка.(1 комплект) | E33: шт. | F33: 24 | G33: 24 | I33: =H33*G33 -> 0
B34: Заклепка резьбовая CN10 шестигранная с плоским бортом М6 L15,0 | E34: шт. | F34: 12 | G34: 12 | I34: =H34*G34 -> 0
B35: Нейлоновая хомут-стяжка 3,6х200 черный, 100 шт G/1/4 | E35: пч. | F35: 2 | G35: 2 | I35: =H35*G35 -> 0
A36: 11.14.02 | B36: Установка оборудования
A37: 11.14.02.00. | B37: Установка оборудования
B38: Вызывная видеопанель | D38: Одноабонентская вызывная видеопанель Akuvox E12S | E38: шт. | F38: 4 | G38: 4 | I38: =G38*H38 -> 0 | J38: СКУД вх. в паркинг/ком. охраны | K38: Закуп подрядчика
B39: Терминал контроля доступа тип 1 | D39: IP Терминал СКУД Akuvox A01S доступ по: NFC, RFID карта, мобильное приложение Smart Plus. | E39: шт. | F39: 4 | G39: 4 | I39: =G39*H39 -> 0 | J39: СКУД вх. в паркинг с улицы, пдкл в ЩК | K39: Закуп подрядчика
B40: Подрозетник | D40: Квадратный подрозетник A01-86 для кирпича и бетона/для сплошных стен, размер 86x84x50мм. | E40: шт. | F40: 4 | G40: 4 | I40: =G40*H40 -> 0 | K40: Закуп подрядчика
B41: Электромагнитный замок | D41: Электромагнитный замок М2-400 серый 400кг удержания, 12 В/0,4 А, 190х55х35мм, уголок в комплекте, цвет серый, отсек для контроллера Z-5R | E41: шт. | F41: 6 | G41: 6 | I41: =G41*H41 -> 0 | K41: Закуп подрядчика
B42: Кнопка выхода | D42: Кнопка выхода накладная DR-03 сенсорная, пластиковая, 12В, контакты Н.О./ Н.З., -40 - +50℃, IP44, 86х50х20мм. | E42: шт. | F42: 6 | G42: 6 | I42: =G42*H42 -> 0 | K42: Закуп подрядчика
B43: Контроллер индукционной петли 2-х двухпетлевой SMA2 для обнаружения транспортных средств | E43: шт. | F43: 2 | G43: 2 | I43: =G43*H43 -> 0 | J43: 1 на 1 этаж, 2й на второй, этаж на выезд. | K43: Закуп подрядчика
B44: Блок питания | D44: Блок питания AC-DC HDR-15-24 24В/0,63А (Регулировка выходного напряжения: 21.6 ~ 29V), на DIN-рейку, режим работы при -30...+70°С, | E44: шт. | F44: 2 | G44: 2 | I44: =G44*H44 -> 0 | J44: В ЩМП СКУД помещение охраны | K44: Закуп подрядчика
B45: Телефонный провод | D45: Телефонный провод П-274М материал медь/сталь, оболочка-полиэтилен. | E45: м. | F45: 80 | G45: 80 | I45: =G45*H45 -> 0 | J45: Для индукционных петель | K45: Закуп подрядчика
B46: Шкаф | D46: Настенный шкаф 19" LWR3-15U66-MF LINEA W 15U 600х600мм дверь металл серый, тип боковой стенки съемная с замком. | E46: шт. | F46: 1 | G46: 1 | I46: =G46*H46 -> 0 | J46: в помещении охраны | K46: Закуп подрядчика
B47: Сетевой PoE коммутатор | D47: Коммутатор управляемый L3 с PoE OS3228P 24x1000Base-T PoE+, 4x10G SFP+, PoE-бюджет 370 Вт, PoE до 250 м | E47: шт. | F47: 1 | G47: 1 | I47: =G47*H47 -> 0 | K47: Закуп подрядчика
B48: Сетевой PoE коммутатор | D48: Коммутатор управляемый L2 PoE OS2218FP/200W 16 PoE 250Вт (802.3af/at) + 2 порта 1000Base-X SFP | E48: шт. | F48: 2 | G48: 2 | I48: =G48*H48 -> 0 | J48: в 1 щмп и 2 | K48: Закуп подрядчика
B49: Источник бесперебойного питания | D49: Источник бесперебойного питания RTO-1.5K-LCD Line-Interactive, 2U, LCD-дисплей; 1.5кВА/0.9кВт | E49: шт. | F49: 1 | G49: 1 | I49: =G49*H49 -> 0 | K49: Закуп подрядчика
B50: Оптический кросс 19" SNR-ODF-24R-8SC-P 1U, укомплектованный на 8 портов SC/UPC. | D50: Оптический кросс 19" SNR-ODF-24R-8SC-P 1U, укомплектованный на 8 портов SC/UPC. | E50: шт. | F50: 1 | G50: 1 | I50: =G50*H50 -> 0 | K50: Закуп подрядчика
B51: Розетка 3-м ОП BLANCA 16А 250В Systeme Electric (Schneider Electric) BLNRA010311 | D51: Розетка 3-м ОП BLANCA 16А 250В Systeme Electric (Schneider Electric) BLNRA010311 | E51: шт. | F51: 1 | G51: 1 | I51: =G51*H51 -> 0 | K51: Закуп подрядчика
B52: Оптический модуль | D52: Одноволоконный оптический модуль 10GB OFM436XT-BXD WDM трансивер SFP+ 10GBase-BX-D, Tx:1330 нм, Rx:1270 нм, одномод, до 20 км | E52: шт. | F52: 1 | G52: 1 | I52: =G52*H52 -> 0 | K52: Закуп подрядчика
B53: Оптический модуль | D53: Одноволоконный оптический модуль 10GB OFM436XT-BXU WDM трансивер SFP+ 10GBase-BX-U, Tx:1270 нм, Rx:1330 нм, одномод, до 20 км | E53: шт. | F53: 1 | G53: 1 | I53: =G53*H53 -> 0 | K53: Закуп подрядчика
B54: Щит тип 1 | D54: Щит распределительный навесной с монтажной панелью ЭПМ ЩРНМ-3 650x500x220, IP54 ФР-00025111 | E54: шт. | F54: 2 | G54: 2 | I54: =G54*H54 -> 0 | J54: Для СКУД и СОТ (ШМП 1 и 2) | K54: Закуп подрядчика
B55: Щит тип 2 | D55: Щит с монтажной панелью ЩМП MB22-04 300х400х155мм. IP31 | E55: шт. | F55: 1 | G55: 1 | I55: =G55*H55 -> 0 | J55: в пом. Охраны | K55: Закуп подрядчика
B56: Источник питания резервированный | D56: Резервированный источник питания UPS 45W/DIN. FARADAY (12В) крепление на DIN рейку; U-вх.100…240 В, U-вых.13.5 В/12.6 В | E56: шт. | F56: 6 | G56: 6 | I56: =G56*H56 -> 0 | K56: Закуп подрядчика
B57: Аккумулятор | D57: Аккумулятор Delta DT 1245 12V-4,5Аh | E57: шт. | F57: 5 | G57: 5 | I57: =G57*H57 -> 0 | K57: Закуп подрядчика
B58: Аккумулятор | D58: Аккумулятор Delta DT 1207 12V-7Аh | E58: шт. | F58: 1 | G58: 1 | I58: =G58*H58 -> 0 | J58: в пом. Охраны, щмп | K58: Закуп подрядчика
B59: Розетка с заземлением MRD10-16 на DIN-рейку | E59: шт. | F59: 2 | G59: 2 | I59: =G59*H59 -> 0 | J59: в 1 щмп и 2 | K59: Закуп подрядчика
B60: Реле HHC68A-2Z-12D Реле 2 пер. 12VDC / 10A, 240VAC (2 переключения) | E60: шт. | F60: 3 | G60: 3 | I60: =G60*H60 -> 0 | J60: В ЩМП 1 и 2, пом. Охраны | K60: Закуп подрядчика
B61: Колодка реле PTF08Aна DIN-рейку (2 переключения) | E61: шт. | F61: 3 | G61: 3 | I61: =G61*H61 -> 0 | J61: В ЩМП 1 и 2, пом. Охраны | K61: Закуп подрядчика
B62: Прочие материалы | K62: Закуп подрядчика
B63: Din-рейка (артикул 12-8030) 30см, перфорированная, оцинкованная | E63: шт. | F63: 3 | G63: 3 | I63: =G63*H63 -> 0
B64: Автоматический выключатель ВА9-11/2 модуля (ширина 9мм.) 1P, (B) 6А, 4,5кА. | E64: шт. | F64: 8 | G64: 8 | I64: =G64*H64 -> 0 | J64: в т.ч. ЩМП СКУД помещение охраны
B65: Коробка с гладкими стенками (артикул 54010)150х110х70мм IP56 | E65: шт. | F65: 2 | G65: 2 | I65: =G65*H65 -> 0 | J65: Для SMA2
B66: Органайзер 19" CO05-1UPC пластиковый с пальцами и крышкой 19" 1U черный | E66: шт. | F66: 3 | G66: 3 | I66: =G66*H66 -> 0
B67: Плоский разъем (артикул 49620) РППИ-М 1,5-6,3 | E67: шт. | F67: 12 | G67: 12 | I67: =G67*H67 -> 0 | J67: для подкл. Аккум-в
B68: Болт М6х25 (артикул 3100548) оцинкованный с внутренним шестигранником, класс прочности 8.8, DIN 912 | E68: шт. | F68: 12 | G68: 12 | I68: =G68*H68 -> 0
B69: Шнур волоконно-оптический NMF-PC1S2C2-SCU-LCU-001 одномодовый 9/125мкм, стандарта OS2, SC/UPC-LC/UPC, одинарный, LSZH нг(A)-HFLTx, 2мм, желтый, 1м. | E69: шт. | F69: 2 | G69: 2 | I69: =G69*H69 -> 0
B70: Коробка распределительная (артикул 60-0210) для прямого монтажа двухкомпонентная безгалогенная (HF) 80х80х40 УХЛ1 | E70: шт. | F70: 16 | G70: 16 | I70: =G70*H70 -> 0 | J70: для ВВГнг 220В
B71: Клемма соединительная DIY YOU PCT-2133 контакта, сечение провода 0.75-2.5 мм² | E71: шт. | F71: 48 | G71: 48 | I71: =G71*H71 -> 0
B72: Коннектор EC-UP8P8C-5E-003-TR-1000 RJ45/8P8C, категория 5e | E72: шт. | F72: 30 | G72: 30 | I72: =G72*H72 -> 0
B73: Кабельный ввод (артикул 7392c) PG-11 (под кабель D5-10мм), IP68 | E73: шт. | F73: 6 | G73: 6 | I73: =G73*H73 -> 0
B74: Наконечник (артикул 79436) НШВИ 0,75-8 | E74: шт. | F74: 64 | G74: 64 | I74: =G74*H74 -> 0
B75: Наконечник (артикул 79462) НШВИ2 0,75-8 | E75: шт. | F75: 48 | G75: 48 | I75: =G75*H75 -> 0
B76: Итого стоимость материалов: | I76: =SUM(I20:I75) -> 0
B78: Примечание:
A79: - | B79: В случае, если один из перечисленных прочих материалов не был использован по факту при производстве работ, заказчик вправе откорректировать процент расходных материалов в актах выполненных работ (формы КС-2, КС-3), уменьшив на сумму исключенного материала.
A80: - | B80: Стоимость СМР учитывает - затраты на все второстепенные материалы и работы необходимые для осуществления полного комплекса работ, включая затраты: обеспечение технической водой для производства работ и бытовых целей; на мобилизацию, аренду и эксплуатацию всех необходимых механизмов, оборудования и инструментов, бытовых помещений и биотуалетов; на подъем материалов и разноску по этажам к местам производства работ; выполнение сопутствующих работ; вывоз мусора; накладные расходы, прибыль организации, налоги и иные издержки Подрядчика. Обеспечение безопасного производства работ на участке.
A81: - | B81: Стоимость материалов учитывает стоимость доставки.
A82: - | B82: В случае изменения системы налогообложения, риски увеличения стоимости договора относятся на сторону, чья система налогообложения изменяется.
